 Dungeon Crawl Stone Soup version 0.24.1-8-ga250c9d538 (webtiles) character file.

Game seed: 8558971850147207596, levelgen mode: deterministic

119 Curus the Poker (level 4, -1/52 HPs)
             Began as a Demonspawn Berserker on May 4, 2020.
             Was a Believer of Trog.
             Slain by Pikel
             ... wielding a +2 whip of flaming
              (6 damage)
             ... on level 4 of the Dungeon.
             The game lasted 00:12:52 (2363 turns).

Curus the Poker (Demonspawn Berserker)              Turns: 2363, Time: 00:12:53

Health: -1/52      AC:  5    Str: 21 (22) XL:     4   Next: 73%
Magic:  4/4        EV: 16    Int:  5 (8)  God:    Trog [**....]
Gold:   148        SH:  0    Dex: 16 (19) Spells: 3/3 levels left

rFire    . . .     SeeInvis .   a - +0 spear
rCold    . . .     Gourm    .   (no shield)
rNeg     . . .     Faith    .   d - +0 ring mail
rPois    .         Spirit   .   (helmet restricted)
rElec    .         Reflect  .   (no cloak)
rCorr    .         Harm     .   (no gloves)
MR       .....                  (no boots)
Stlth    ..........             (no amulet)
HPRegen  0.17/turn              (no ring)
MPRegen  0.09/turn              (no ring)

@: agile, berserking (expiring), very quick
A: antennae 1, powered by pain 1
a: Berserk, Trog's Hand, Renounce Religion


You were on level 4 of the Dungeon.
You worshipped Trog.
Trog was pleased with you.
You were not hungry.

You visited 1 branch of the dungeon, and saw 4 of its levels.

You collected 148 gold pieces.

Inventory:

Hand Weapons
 a - a +0 spear (weapon)
Armour
 b - a +0 animal skin
 d - a +0 ring mail (worn)
Scrolls
 e - 3 scrolls of identify
 f - a scroll of teleportation
 h - 3 scrolls of remove curse
Potions
 g - a potion of agility {unknown}
Comestibles
 c - 6 rations


   Skills:
 - Level 3.0 Fighting
 + Level 5.0 Polearms
 - Level 1.7 Armour
 - Level 1.7 Dodging


You had 3 spell levels left.
You didn't know any spells.
Your spell library was empty.

Dungeon Overview and Level Annotations

Branches:
Dungeon (3/15)

Altars:
Nemelex Xobeh

Shops:
D:4 (

Annotations:
D:4 Pikel


Innate Abilities, Weirdness & Mutations

You have a pair of small antennae on your head.
You sometimes gain a little power by taking damage.


Message History

* * * LOW HITPOINT WARNING * * *
Pikel completely misses you. The slave closely misses you.
The slave hits you but does no damage.
You barely miss Pikel.
Pikel is severely wounded.
You closely miss Pikel.
Pikel is severely wounded.
The slave closely misses you. The slave completely misses you.
Pikel hits you with a +2 whip of flaming.
* * * LOW HITPOINT WARNING * * *
Pikel burns you.
* * * LOW HITPOINT WARNING * * *
The slave barely misses you.
You barely miss Pikel.
Pikel is severely wounded.
The slave barely misses you.
You puncture Pikel!
Pikel is almost dead.
Pikel hits you with a +2 whip of flaming.
You die...

..........
........................
........ ...............
....... ......#......##
.. .......#........ ..
....∩............ .#
................. .#
..........p.....# ..
........@K.....# ......#
#.....ppp......
......####..........)...
##....##...#....###..##.
......##...##..## ..#
.......#...##..# ..#
..............##.. ...
..##...#...##....... .#.
..:........##...##..


You could see Pikel and 4 slaves.

Vanquished Creatures
  A worker ant (D:2)
  3 gnolls (D:2)
  An ooze (D:1)
  2 worms (D:2)
  4 giant cockroaches
  11 goblins
  3 hobgoblins
  4 jackals (D:1)
  A quokka (D:2)
  2 ball pythons
  4 bats
  7 frilled lizards
  10 kobolds
  4 rats
57 creatures vanquished.

Notes
Turn   | Place    | Note
-------+----------+-------------------------------------------
     0 | D:1      | Curus the Demonspawn Berserker began the quest for the Orb.
     0 | D:1      | Reached XP level 1. HP: 18/18 MP: 1/1
    12 | D:1      | Reached skill level 3 in Polearms
    16 | D:1      | HP: 1/27 [frilled lizard (1)]
    21 | D:1      | Gained mutation: You sometimes gain a little power by
                  | taking damage. [demonic ancestry]
    21 | D:1      | Reached XP level 2. HP: 2/24 MP: 2/2
   463 | D:1      | You fall into a shaft and drop 1 floor!
   504 | D:1      | Reached ** piety under Trog
   654 | D:1      | Reached XP level 3. HP: 22/29 MP: 3/3
  1151 | D:2      | Reached skill level 4 in Polearms
  1608 | D:2      | Found a sparkling altar of Nemelex Xobeh.
  1737 | D:2      | Gained mutation: You have a pair of small antennae on your
                  | head. [demonic ancestry]
  1737 | D:2      | Reached XP level 4. HP: 20/35 MP: 4/4
  2048 | D:2      | Reached skill level 5 in Polearms
  2261 | D:3      | You fall into a shaft and drop 1 floor!
  2337 | D:4      | Found Inluiz's Antique Weapon Boutique.
  2340 | D:4      | Noticed Pikel
  2340 | D:4      | Noticed a slave
  2340 | D:4      | Noticed a slave
  2340 | D:4      | Noticed a slave
  2351 | D:4      | Noticed a slave
  2363 | D:4      | Slain by Pikel

Levels and vault maps discovered:
D:1:      minmay_arrival_semitransparent, layout_loops_ring, serial_glass,
          glass_columns_a, glass_columns_a, glass_columns_a, glass_columns_b,
          glass_columns_a, glass_columns_a, glass_columns_c, glass_columns_a,
          glass_columns_a, glass_columns_c, glass_columns_b, glass_columns_c,
          glass_columns_a, glass_columns_b, serial_park_tiny_pond
D:2:      layout_loops_corners, nemelex_xobeh_ov_fountains_minmay
D:3:      layout_loops_ring, lemuel_coloured_pillars_altar,
          nicolae_overflow_crystal_walls, eat_drink_and_be_merry_uskayaw,
          old_standard_altar, minmay_misc_feat_secret_circle,
          uniq_crazy_yiuf_cottage
D:4:      layout_cave_pools, serial_shops, shop, enter_ossuary_3, serial_bayou,
          serial_bayou_shore_b, serial_bayou_pond_c, serial_bayou_crossing,
          serial_bayou_pond_a, lemuel_tele_altar, uniq_pikel

Skill      XL: |  1  2  3  4 |
---------------+-------------+-----
Polearms       | 3 4 5 |  5.0
Fighting       | |  3.0
Armour         | |  1.7
Dodging        | |  1.7

Action                   |  1- 3 |  4- 6 || total
-------------------------+-------+-------++-------
Melee: Spear             |   177 |    40 ||   217
Invok: Berserk           |     3 |     2 ||     5
  Use: Scroll            |     7 |       ||     7
       Potion            |     2 |     2 ||     4
  Eat: Chunk             |     4 |       ||     4
       Ration            |       |     2 ||     2
Armor: Animal skin       |    19 |       ||    19
       Ring mail         |    16 |     4 ||    20
Dodge: Dodged            |    91 |    21 ||   112
